 Dungeon Crawl Stone Soup version 0.28.0-45-g0d030f2227 (webtiles) character file.

Game seed: 6883856796168209795

95 Mitsuki the Conjurer (level 4, -7/24 HPs)
             Began as a Deep Elf Conjurer on Apr 5, 2022.
             Killed from afar by Natasha (12 damage)
             ... with a puff of flame
             ... on level 2 of the Dungeon.
             The game lasted 00:02:28 (1834 turns).

Mitsuki the Conjurer (Deep Elf Conjurer)            Turns: 1834, Time: 00:02:28

Health: -7/24      AC:  2    Str:  4    XL:     4   Next: 39%
Magic:  10/12      EV: 12    Int: 25    God:
Gold:   22         SH:  3    Dex: 13    Spells: 8/11 levels left

rFire   . . .      SeeInvis .   i - +2 dagger (vamp)
rCold   . . .      Faith    .   h - +0 buckler
rNeg    . . .      Spirit   .   a - +0 robe
rPois   .          Reflect  .   (no helmet)
rElec   .          Harm     .   (no cloak)
rCorr   .          Rampage  .   (no gloves)
Will    .....                   (no boots)
Stlth   ++........              (no amulet)
HPRegen 0.08/turn               (no ring)
MPRegen 0.13/turn               (no ring)

@: no status effects
A: no striking features
a: no special abilities


You were on level 2 of the Dungeon.
You visited 1 branch of the dungeon, and saw 2 of its levels.

You collected 22 gold pieces.

Inventory:

Hand Weapons
 i - a +2 vampiric dagger (weapon)
Armour
 a - a +0 robe (worn)
 h - a +0 buckler (worn)
Scrolls
 b - 4 scrolls of enchant armour {unknown}
 c - a scroll of silence {unknown}
 e - 2 scrolls of amnesia {unknown}
 g - a scroll of blinking {unknown}
Potions
 d - a potion of magic {unknown}
 f - 2 potions of flight {unknown}


   Skills:
 - Level 2.4 Dodging
 - Level 2.4 Stealth
 + Level 4.3 Spellcasting
 * Level 5.9 Conjurations


You had 8 spell levels left.
You knew the following spells:

 Your Spells              Type           Power      Damage    Failure   Level
a - Magic Dart            Conj           100%       1d8       1%          1
b - Searing Ray           Conj           70%        2d7       1%          2

Your spell library contained the following spells:

 Spells                   Type           Power      Damage    Failure   Level
 Dazzling Flash           Conj/Hex       40%        N/A       11%         3
 Fulminant Prism          Conj/Hex       10%        3d9       34%         4
 Iskenderun's Mystic Bla  Conj/Tloc      20%        2d6       34%         4


Dungeon Overview and Level Annotations

Branches:
Dungeon (2/15)

Altars:
Wu Jian

Annotations:
D:2 Natasha


Message History

Confirm with . or Enter, or press ? or * to list all spells.
The magic dart hits the rat.
You kill the rat!
You now have 11/12 mp.
You can't see any susceptible monsters within range! (Use Z to cast anyway.)
Found an escape hatch in the floor.
MP restored: 12
Found a stone staircase leading down.
Found a stone staircase leading up.
Found an escape hatch in the ceiling.
Found a dagger.
Natasha, Servant of Life and Death comes into view.
She is carrying a wand of flame (19).
Natasha hisses angrily.
Natasha howls an incantation.
Natasha shimmers violently.
Natasha stares at you and mumbles some strange words.
The magic dart hits you!
You take 11 damage, and have 13/24 hp.
MASSIVE DAMAGE!!
Casting: Magic Dart (safe; 1% risk of failure)
Confirm with . or Enter, or press ? or * to list all spells.
The magic dart hits Natasha.
Natasha is moderately wounded.
Natasha stares at you and mumbles some strange words.
The magic dart hits you!
* * * LOW HITPOINT WARNING * * *
You are too injured to fight recklessly!
You take 8 damage, and have 5/24 hp.
MASSIVE DAMAGE!!
You now have 11/12 mp.
You are too injured to fight recklessly!
You are too injured to fight recklessly!
You are too injured to fight recklessly!
Casting: Magic Dart (safe; 1% risk of failure)
Confirm with . or Enter, or press ? or * to list all spells.
Aiming: Magic Dart (safe; 1% risk of failure)
Press: ? - help, Shift-Dir - straight line, f/p - Natasha
Aim: Natasha, carrying a wand of flame (19) (moderately wounded, 100% to hit)
The magic dart hits Natasha.
Natasha is severely wounded.
Natasha zaps a wand.
The puff of flame hits you!
Ouch! That really hurt!
You die...

.................................
.....................>...........
.................................
##.......(..#.#..............###.
............#.#..##............##
................###....##.......
..)..........######....#..######
.............#####....##
.......##.......@..#..#
##..........#..#####..#
#.####..........####.# #.# ......
........# ##.# ..... ......#.##
##.###....hb .........#
†........... .........##
............ ....).....### ##
............ ............######.


You could see Natasha.

Vanquished Creatures
  Jessica (D:2)
  Natasha (D:2)
  An adder (D:2)
  A bat (D:2)
  2 endoplasms
  3 giant cockroaches
  4 goblins (D:1)
  2 hobgoblins
  7 jackals
  A kobold (D:1)
  A quokka (D:2)
  4 ball pythons
  2 frilled lizards (D:1)
  A rat (D:2)
31 creatures vanquished.

Notes
Turn   | Place    | Note
-------+----------+-------------------------------------------
     0 | D:1      | Mitsuki the Deep Elf Conjurer began the quest for the Orb.
     0 | D:1      | Reached XP level 1. HP: 10/10 MP: 6/6
   319 | D:1      | Reached XP level 2. HP: 15/15 MP: 1/8
   484 | D:1      | Found a faded altar of an unknown god.
   666 | D:1      | Reached skill level 5 in Conjurations
   915 | D:2      | Noticed Jessica
  1126 | D:1      | Learned a level 2 spell: Searing Ray
  1492 | D:2      | Reached XP level 3. HP: 19/19 MP: 5/10
  1557 | D:2      | Killed Jessica
  1619 | D:2      | Found an ornate altar of the Wu Jian Council.
  1621 | D:2      | Noticed Natasha
  1627 | D:2      | Killed Natasha
  1628 | D:2      | Reached XP level 4. HP: 18/24 MP: 6/12
  1832 | D:2      | Noticed Natasha
  1834 | D:2      | Killed from afar by Natasha

Illustrated notes

Levels and vault maps discovered:
D:1:      doesnt_arrival_eight_statues, layout_loops_ring,
          shapermc_ecumenical_altar_mp_vishouse
D:2:      layout_rooms, basic_altar, minmay_randomly_rotated_circles,
          uniq_jessica, uniq_natasha, uniq_sigmund

Skill      XL: |  1  2  3 |
---------------+----------+-----
Conjurations   | 5 |  5.9
Spellcasting   | 4 |  4.3
Dodging        | |  2.4
Stealth        | |  2.4

Action                   |  1- 3 |  4- 6 || total
-------------------------+-------+-------++-------
Melee: Dagger            |    13 |       ||    13
 Cast: Magic Dart        |    57 |     9 ||    66
Armor: Robe              |     4 |       ||     4
Dodge: Dodged            |    24 |       ||    24
Block: Buckler           |     1 |       ||     1
